 Dungeon Sprint DCSS version 0.28.0-53-g5a82cb258f (webtiles) character file.

Game seed: 13303917565868512821

2025 Groucho the Unseen (level 9, -5/50 HPs)
             Began as a Spriggan Hunter on July 19, 2022.
             Was a Priest of Makhleb.
             Killed by angry trees
             ... awakened by a spriggan druid
              (11 damage)
             ... in the Dungeon (Sprint IV: "Fedhas' Mad Dash").
             The game lasted 00:05:44 (2095 turns).

Groucho the Unseen (Spriggan Hunter)                Turns: 2095, Time: 00:05:44

Health: -5/50      AC:  2    Str:  8    XL:     9   Next: 3%
Magic:  10/10      EV: 24    Int: 16    God:    Makhleb [***...]
Gold:   100        SH:  0    Dex: 16    Spells: 5/8 levels left

rFire   . . .      SeeInvis +   b - +0 short sword
rCold   . . .      Faith    .   (no shield)
rNeg    . . .      Spirit   .   c - +0 robe
rPois   +          Reflect  .   (helmet restricted)
rElec   .          Harm     .   (no cloak)
rCorr   .          Rampage  .   (gloves unavailable)
Will    +....      NoTele   +   (boots unavailable)
Stlth   ++++++....              i - amulet of invisibility {+Inv}
HPRegen 0.16/turn               k - ring of poison resistance
MPRegen 0.12/turn               (no ring)

@: very slightly contaminated, hasted, very quick
A: very small, no large weapons, unfitting armour, see invisible, speed 3
a: Renounce Religion, Evoke Invisibility, Minor Destruction, Lesser Servant of
Makhleb


You were in the Dungeon.
You worshipped Makhleb.
Makhleb was most pleased with you.
You visited 1 branch You collected 100 gold pieces.

Inventory:

Hand Weapons
 a - a +1 shortbow
 b - a +0 short sword (weapon)
Missiles
 d - 20 arrows
 l - 2 poisoned darts (quivered)
Armour
 c - a +0 robe (worn)
Jewellery
 e - the ring "Cisunt" {Fire rElec rPois Will+}
   (You found it in the Dungeon)

   [ring of fire]

   It enhances your fire magic.
   rF:        It protects you from fire.
   rC:        It makes you vulnerable to cold.
   rElec:     It insulates you from electricity.
   rPois:     It protects you from poison.
   Will:      It increases your willpower.
 i - the amulet of invisibility (around neck) {+Inv}
   (You found it in the Dungeon)

   [amulet of nothing]

   +Inv:      It lets you turn invisible.
 k - a ring of poison resistance (left hand)
Potions
 h - 2 potions of magic


   Skills:
 + Level 7.5 Fighting
 + Level 9.5 Short Blades
 + Level 11.5 Bows
 + Level 11.6 Dodging
 + Level 16.3 Stealth


You had 5 spell levels left.
You knew the following spells:

 Your Spells              Type           Power      Damage    Failure   Level
a - Portal Projectile     Hex/Tloc       0%         N/A       58%         3

Your spell library contained the following spells:

 Spells                   Type           Power      Damage    Failure   Level
 Call Canine Familiar     Summ           0%         N/A       58%         3
 Leda's Liquefaction      Hex/Erth       0%         N/A       94%         4


Dungeon Overview and Level Annotations

Branches:
Dungeon (1/1)

Altars:
Cheibriados
Dithmenos
Elyvilon
Gozag
Hepliaklqana
Kikubaaqudgha
Makhleb
Nemelex Xobeh
Okawaru
Qazlal
Ru
Sif Muna
Trog
Uskayaw
Vehumet
Wu Jian
Xom
Yredelemnul
Zin
The Shining One
Beogh
Jiyva
Lugonu


Innate Abilities, Weirdness & Mutations

You are very small and have problems with some larger weapons.
You are too small for most types of armour.
You have supernaturally acute eyesight. (SInv)
You cover ground extremely quickly. (Speed+++)


Message History

Unknown command.
You closely miss the spriggan druid.
The spriggan druid is lightly wounded.
You closely miss the spriggan druid.
The spriggan druid is lightly wounded.
You miss the spriggan druid.
The spriggan druid is lightly wounded.
The spriggan druid gestures wildly while chanting.
The forest starts to sway and rumble!
You closely miss the spriggan druid.
The forest calms down.
The spriggan druid is lightly wounded.
You barely miss the spriggan druid.
The spriggan druid is lightly wounded.
The spriggan druid hits you with a +0 quarterstaff!
* * * LOW HITPOINT WARNING * * *
Unknown command.
Unknown command.
You see here 8 gold pieces.
The moth of wrath completely misses you.
You see here 9 gold pieces.
You hit the moth of wrath.
The moth of wrath is lightly wounded.
You barely miss the moth of wrath.
The moth of wrath's fur bristles in rage as it notices you.
The moth of wrath is lightly wounded.
The moth of wrath misses you.
You barely miss the moth of wrath.
The moth of wrath is lightly wounded.
The spriggan druid mumbles some strange words.
The forest starts to sway and rumble!
You strike the helpless moth of wrath from behind!
You impale the moth of wrath!!
The moth of wrath is heavily wounded.
A scorpion comes into view.
You flicker back into view.
The spriggan druid calls out to the beasts of the wild!
Tree limbs sway around you. Branches wave dangerously above you.
A tree reaches out and hits you!
You die...

#################################
..P#.....#.....#.⌠._._._._.⌠.#..+
P..÷.....'.#.(.'.._._._._._..'..#
PPP#.....#.#...#..._._._._.†.#..#
#############'##.._._._._._..#..#
..♣........'...#._._._._._.⌠.####
.....♣.....#...###############
....♣..♣..######♣♣♣♣♣..♣$#
+####'######.}'s@....♣y.♣#
.#....'.......#♣..♣♣♣i♣..#
[#..###.......#.♣♣..♣.$$♣+ #####
########## ########


You could see a spriggan druid and a scorpion (wandering).

Vanquished Creatures
  2 oklob plants (D)
  A queen bee (D)
  A wandering mushroom (D)
  2 burning bushes (D)
  A scorpion (D)
  4 killer bees (D)
  5 oklob saplings (D)
  A river rat (D)
  A rat (D)
18 creatures vanquished.

Vanquished Creatures (others)
  5 fungi (D)
5 creatures vanquished.

Grand Total: 23 creatures vanquished

Notes
Turn   | Place    | Note
-------+----------+-------------------------------------------
     0 | D        | Groucho the Spriggan Hunter began the quest for the Orb.
     0 | D        | Reached XP level 1. HP: 10/10 MP: 2/2
    14 | D        | Reached skill level 6 in Stealth
    14 | D        | Reached XP level 2. HP: 14/14 MP: 3/3
   366 | D        | Noticed an oklob sapling
   367 | D        | Killed an oklob sapling
   368 | D        | Reached skill level 10 in Stealth
   368 | D        | Reached XP level 3. HP: 18/18 MP: 4/4
   371 | D        | Noticed a scorpion
   371 | D        | Found the amulet of invisibility {+Inv}
   373 | D        | Killed a scorpion
   374 | D        | Reached skill level 5 in Bows
   374 | D        | Reached XP level 4. HP: 23/23 MP: 5/5
   394 | D        | Found an opulent altar of Gozag.
   394 | D        | Found a hazy altar of Hepliaklqana.
   394 | D        | Found a burning altar of Makhleb.
   394 | D        | Found a sparkling altar of Nemelex Xobeh.
   394 | D        | Found a sacrificial altar of Ru.
   394 | D        | Found a shimmering blue altar of Sif Muna.
   394 | D        | Found an ornate altar of the Wu Jian Council.
   394 | D        | Found a shimmering altar of Xom.
   394 | D        | Found a basalt altar of Yredelemnul.
   395 | D        | Found a viscous altar of Jiyva.
   395 | D        | Found a snail-covered altar of Cheibriados.
   395 | D        | Found a bloodstained altar of Trog.
   396 | D        | Found an iron altar of Okawaru.
   396 | D        | Found a shadowy altar of Dithmenos.
   396 | D        | Found a glowing silver altar of Zin.
   397 | D        | Found an ancient bone altar of Kikubaaqudgha.
   397 | D        | Found a hide-covered altar of Uskayaw.
   398 | D        | Found a stormy altar of Qazlal.
   398 | D        | Found a white marble altar of Elyvilon.
   398 | D        | Found a glowing golden altar of the Shining One.
   399 | D        | Found a corrupted altar of Lugonu.
   399 | D        | Found a radiant altar of Vehumet.
   403 | D        | Reached skill level 5 in Dodging
   403 | D        | Reached skill level 11 in Stealth
   403 | D        | Reached XP level 5. HP: 28/28 MP: 3/6
   405 | D        | Became a worshipper of Makhleb the Destroyer
   577 | D        | Noticed a queen bee
   587 | D        | Killed a queen bee
   587 | D        | Reached * piety under Makhleb
   588 | D        | Reached skill level 5 in Fighting
   588 | D        | Reached skill level 13 in Stealth
   588 | D        | Reached XP level 6. HP: 15/35 MP: 5/7
   591 | D        | HP: 1/35 [poisoned by a killer bee]
  1131 | D        | HP: 1/35 [killer bee (5)]
  1831 | D        | Reached XP level 7. HP: 39/39 MP: 5/8
  1833 | D        | Reached ** piety under Makhleb
  1870 | D        | Noticed an oklob plant
  1872 | D        | Killed an oklob plant
  1873 | D        | Reached skill level 10 in Bows
  1873 | D        | Reached skill level 14 in Stealth
  1888 | D        | Noticed a burning bush
  1890 | D        | Identified the ring "Cisunt" {Fire rElec rPois Will+}
  1891 | D        | Killed a burning bush
  1892 | D        | Reached skill level 10 in Dodging
  1892 | D        | Reached skill level 15 in Stealth
  1892 | D        | Reached XP level 8. HP: 45/45 MP: 9/9
  1905 | D        | Noticed a burning bush
  1905 | D        | Noticed an oklob plant
  1906 | D        | Noticed a wandering mushroom
  1907 | D        | Killed a burning bush
  1907 | D        | Reached *** piety under Makhleb
  1912 | D        | Killed an oklob plant
  1913 | D        | Reached skill level 16 in Stealth
  1916 | D        | Killed a wandering mushroom
  1917 | D        | Reached XP level 9. HP: 50/50 MP: 8/10
  1931 | D        | Learned a level 3 spell: Portal Projectile
  2049 | D        | Noticed a spriggan druid
  2057 | D        | Noticed a moth of wrath
  2095 | D        | Killed from afar by a spriggan druid

Illustrated notes

Levels and vault maps discovered:
D:        dungeon_sprint_fedhas [sprint_temple]

Skill      XL: |  1  2  3  4  5  6  7  8 |
---------------+-------------------------+-----
Stealth        | 6 10 11 13 15 16 | 16.3
Fighting       | 2 3 5 6 7 |  7.5
Short Blades   | 2 3 6 8 9 |  9.5
Bows           | 5 6 8 10 11 | 11.5
Dodging        | 4 5 7 8 10 11 | 11.6

Action                   |  1- 3 |  4- 6 |  7- 9 || total
-------------------------+-------+-------+-------++-------
Melee: Short sword       |     5 |    17 |    41 ||    63
       Punch             |       |       |     1 ||     1
 Abil: Evoke Invisibilit |       |     4 |     2 ||     6
  Use: Potion            |     1 |     2 |     1 ||     4
       Scroll            |       |     1 |       ||     1
 Stab: Sleeping          |     2 |     4 |     6 ||    12
       Invisible         |       |     4 |     2 ||     6
Armor: Robe              |       |     3 |       ||     3
Dodge: Dodged            |       |    53 |    13 ||    66
